PBL
HAMILTON CARDINALS @ COLUMBUS REDS
10/02/2046
 
TOP OF THE 1ST
Hamilton Cardinals batting - Pitching for Columbus Reds : LHP Gabe Alcantara
Pitching: LHP Gabe Alcantara
Batting: RHB Chris Rouleau 0-0: Foul Ball, location: 2F
0-1: Ball
1-1: Called Strike
1-2: SINGLE (Line Drive, 4MD, EV 98.8 MPH)
Batting: LHB Billy Lang 0-0: Ball
1-0: Ball
2-0: Called Strike
2-1: Fly out, F1 (Line Drive, P, EV 71.9 MPH)
Batting: SHB Steve Langlois 0-0: Ball
Chris Rouleau is caught stealing 2nd base 2-4
1-0: Called Strike
1-1: Called Strike
1-2: Ball
2-2: Ball
3-2: Foul Ball, location: 2F
3-2: Foul Ball, location: 2F
3-2: Ground out U3 (Groundball, 34, EV 85.6 MPH)
Top of the 1st over - 0 runs, 1 hit, 0 errors, 0 left on base; Hamilton 0 - Columbus 0
BOTTOM OF THE 1ST
Columbus Reds batting - Pitching for Hamilton Cardinals : LHP J.T. Ready
Pitching: LHP J.T. Ready
Batting: RHB Ben Burkholder 0-0: Ball
1-0: Ball
2-0: Swinging Strike
2-1: Ball
3-1: Base on Balls
Batting: LHB Jamie Spangenberg 0-0: Ball
1-0: Called Strike
1-1: Ball
2-1: Ball
3-1: Fly out, F8 (Line Drive, 8LD, EV 93.8 MPH)
Batting: RHB Alex Juarez 0-0: Ball
1-0: Called Strike
1-1: DOUBLE (Flyball, 78D, EV 101.2 MPH)
Ben Burkholder to third
Runner from 3rd tries for Home, throw by CF and OUT! 8-6-2
Batting: RHB Aaron Barraza 0-0: Foul Ball, location: 2F
0-1: Fly out, F8 (Flyball, 8LM, EV 93.1 MPH)
Bottom of the 1st over - 0 runs, 1 hit, 0 errors, 1 left on base; Hamilton 0 - Columbus 0
TOP OF THE 2ND
Hamilton Cardinals batting - Pitching for Columbus Reds : LHP Gabe Alcantara
Batting: SHB Justin Houser 0-0: Ball
1-0: Ball
2-0: Ball
3-0: Base on Balls
Batting: RHB McGwire Jones 0-0: Foul Ball, location: 2F
0-1: Swinging Strike
0-2: Strikes out looking
Batting: RHB Julio Sandoval 0-0: Ball
1-0: Foul Ball, location: 2RF, Error on foul ball, E2
1-1: Foul Ball, location: 2F
1-2: Fly out, F8 (Line Drive, 8RD, EV 96.2 MPH)
Batting: RHB Tim Williams 0-0: Ball
1-0: Ball
2-0: Swinging Strike
2-1: SINGLE (Flyball, 5D, EV 93.1 MPH)
Justin Houser to second
Batting: SHB J.T. Ready 0-0: Ground out 6-3 (Groundball, 4MS, EV 85.6 MPH)
Top of the 2nd over - 0 runs, 1 hit, 1 error, 2 left on base; Hamilton 0 - Columbus 0
BOTTOM OF THE 2ND
Columbus Reds batting - Pitching for Hamilton Cardinals : LHP J.T. Ready
Batting: RHB Alex Villagomez 0-0: Ball
1-0: Called Strike
1-1: Ball
2-1: Foul Ball, location: 2F
2-2: Ball
3-2: Base on Balls
Batting: RHB Alex de Leon 0-0: SINGLE (Line Drive, 34, EV 101.2 MPH)
Alex Villagomez to second
Batting: LHB Tim Kirk 0-0: Ball
1-0: Foul Ball, location: 2F
1-1: Grounds into double play, 6-4-3 (Groundball, 6, EV 107.5 MPH)
Alex Villagomez to third
Batting: SHB Cesar Pelayo 0-0: Called Strike
0-1: Ball
1-1: Foul Ball, location: 2F
1-2: Ball
2-2: DOUBLE (Flyball, 8RXD, EV 103.1 MPH)
Alex Villagomez scores
Batting: LHB Mike Becerra 0-0: Ball
1-0: Swinging Strike
1-1: Foul Ball, location: 2F
1-2: Ground out 6-3 (Groundball, 6, EV 91.9 MPH)
Bottom of the 2nd over - 1 run, 2 hits, 0 errors, 1 left on base; Hamilton 0 - Columbus 1
TOP OF THE 3RD
Hamilton Cardinals batting - Pitching for Columbus Reds : LHP Gabe Alcantara
Batting: RHB Pablo Nunez 0-0: Swinging Strike
0-1: Ball
1-1: Ground out 1-3 (Groundball, 13S, EV 70.6 MPH)
Batting: RHB Chris Rouleau 0-0: Ball
1-0: Ball
2-0: Called Strike
2-1: Foul Ball, location: 2F
2-2: Strikes out swinging
Batting: LHB Billy Lang 0-0: Ball
1-0: Ball
2-0: Swinging Strike
2-1: Ball
3-1: Swinging Strike
3-2: Base on Balls
Batting: SHB Steve Langlois 0-0: Ball
1-0: Ball
2-0: Ball
3-0: Called Strike
3-1: Base on Balls
Billy Lang to second
Batting: SHB Justin Houser 0-0: 3-RUN HOME RUN (Flyball, 78XD, EV 108.8 MPH), Distance : 458 ft
Batting: RHB McGwire Jones 0-0: Foul Ball, location: 2F
0-1: Foul Ball, location: 2F
0-2: Strikes out looking
Top of the 3rd over - 3 runs, 1 hit, 0 errors, 0 left on base; Hamilton 3 - Columbus 1
BOTTOM OF THE 3RD
Columbus Reds batting - Pitching for Hamilton Cardinals : LHP J.T. Ready
Batting: RHB Ben Burkholder 0-0: Ball
1-0: Foul Ball, location: 2F
1-1: Swinging Strike
1-2: Ball
2-2: Ball
3-2: Strikes out swinging
Batting: LHB Jamie Spangenberg 0-0: Ball
1-0: Ball
2-0: Called Strike
2-1: SINGLE (Groundball, 4D, EV 95.0 MPH)
Batting: RHB Alex Juarez 0-0: Ball
Wild Pitch!
Jamie Spangenberg to second
1-0: Ball
2-0: Ball
Wild Pitch!
Jamie Spangenberg to third
3-0: Called Strike
3-1: Foul Ball, location: 2F
3-2: Ground out 6-3 (Groundball, 6, EV 100.6 MPH)
Jamie Spangenberg scores
Batting: RHB Aaron Barraza 0-0: Called Strike
0-1: Swinging Strike
0-2: Strikes out swinging
Bottom of the 3rd over - 1 run, 1 hit, 0 errors, 0 left on base; Hamilton 3 - Columbus 2
TOP OF THE 4TH
Hamilton Cardinals batting - Pitching for Columbus Reds : LHP Gabe Alcantara
Batting: RHB Julio Sandoval 0-0: Called Strike
0-1: Foul Ball, location: 2F
0-2: Ball
1-2: Hit by Pitch
Batting: RHB Tim Williams 0-0: Ball
1-0: Ball
2-0: Called Strike
2-1: Called Strike
2-2: Foul Ball, location: 2F
2-2: Ball
3-2: Foul Ball, location: 2F
3-2: SINGLE (Groundball, 5S, EV 63.1 MPH) (infield hit)
Julio Sandoval to second
Batting: SHB J.T. Ready 0-0: Ball
1-0: Ball
2-0: Ball
3-0: Called Strike
3-1: Called Strike
3-2: Strikes out looking
Batting: RHB Pablo Nunez 0-0: Ball
1-0: Swinging Strike
1-1: SINGLE (Flyball, 89S, EV 91.2 MPH)
Julio Sandoval to third
Tim Williams to second
Batting: RHB Chris Rouleau 0-0: Fly out, F8 (Flyball, 8LD, EV 96.9 MPH)
Runner from 3rd tags up, SCORES, throw by CF
Batting: LHB Billy Lang 0-0: Foul Ball, location: 2F
0-1: Swinging Strike
0-2: Foul Ball, location: 2F
0-2: SINGLE (Groundball, 34D, EV 101.9 MPH)
Tim Williams to third
Pablo Nunez to second
Batting: SHB Steve Langlois 0-0: Fly out, F7 (Flyball, 7LM, EV 85.6 MPH)
Top of the 4th over - 1 run, 3 hits, 0 errors, 3 left on base; Hamilton 4 - Columbus 2
BOTTOM OF THE 4TH
Columbus Reds batting - Pitching for Hamilton Cardinals : LHP J.T. Ready
Batting: RHB Alex Villagomez 0-0: Ball
1-0: Called Strike
1-1: Ball
2-1: Ball
3-1: Ground out U3 (Groundball, 34, EV 77.5 MPH)
Batting: RHB Alex de Leon 0-0: Ground out 5-3 (Groundball, 56, EV 89.4 MPH)
Batting: LHB Tim Kirk 0-0: Called Strike
0-1: Foul Ball, location: 2F
0-2: Foul Ball, location: 2F
0-2: Foul Ball, location: 2F
0-2: Foul Ball, location: 2F
0-2: DOUBLE (Groundball, 3L, EV 100.6 MPH)
Batting: SHB Cesar Pelayo 0-0: Called Strike
0-1: Ball
1-1: Ball
2-1: Foul Ball, location: 2F
2-2: Ball
3-2: Strikes out swinging
Bottom of the 4th over - 0 runs, 1 hit, 0 errors, 1 left on base; Hamilton 4 - Columbus 2
TOP OF THE 5TH
Hamilton Cardinals batting - Pitching for Columbus Reds : LHP Gabe Alcantara
Batting: SHB Justin Houser 0-0: Foul Ball, location: 2F
0-1: Ball
1-1: Ball
2-1: Ball
3-1: Base on Balls
Batting: RHB McGwire Jones 0-0: 2-RUN HOME RUN (Flyball, 78XD, EV 108.1 MPH), Distance : 429 ft
Batting: RHB Julio Sandoval 0-0: SINGLE (Groundball, 56D, EV 102.5 MPH)
Batting: RHB Tim Williams 0-0: Swinging Strike
0-1: Swinging Strike
0-2: Foul Ball, location: 2F
0-2: Strikes out swinging
Batting: SHB J.T. Ready 0-0: Ball
1-0: Swinging Strike
1-1: Ball
2-1: Foul Ball, location: 2F
2-2: Foul Ball, location: 2F
2-2: Ball
3-2: Foul Ball, location: 2F
3-2: Foul Ball, location: 2F
3-2: Base on Balls
Julio Sandoval to second
Pitching: RHP Ernie Maldonado
Batting: RHB Pablo Nunez 0-0: Ball
1-0: Ball
2-0: Ball
3-0: Base on Balls
Julio Sandoval to third
J.T. Ready to second
Batting: RHB Chris Rouleau 0-0: Fly out, F9 (Flyball, 9D, EV 100.6 MPH)
Runner from 3rd tags up, SCORES, throw by RF
J.T. Ready to third
Batting: LHB Billy Lang 0-0: Ball
1-0: Called Strike
1-1: Ball
2-1: Ball
3-1: Base on Balls
Pablo Nunez to second
Batting: SHB Steve Langlois 0-0: Ball
1-0: Ball
2-0: DOUBLE (Line Drive, 89M, EV 94.4 MPH)
J.T. Ready scores
Pablo Nunez scores
Billy Lang to third
Batting: SHB Justin Houser 0-0: Called Strike
0-1: Swinging Strike
0-2: Ball
1-2: Ball
2-2: Strikes out swinging
Top of the 5th over - 5 runs, 3 hits, 0 errors, 2 left on base; Hamilton 9 - Columbus 2
BOTTOM OF THE 5TH
Columbus Reds batting - Pitching for Hamilton Cardinals : LHP J.T. Ready
Batting: LHB Mike Becerra 0-0: Ground out 4-3 (Groundball, 4M, EV 80.0 MPH)
Batting: RHB Ben Burkholder 0-0: Ball
1-0: Called Strike
1-1: Ball
2-1: Foul Ball, location: 2F
2-2: Foul Ball, location: 2F
2-2: Strikes out swinging
Batting: LHB Jamie Spangenberg 0-0: Called Strike
0-1: Ground out 4-3 (Groundball, 4, EV 92.5 MPH)
Bottom of the 5th over - 0 runs, 0 hits, 0 errors, 0 left on base; Hamilton 9 - Columbus 2
TOP OF THE 6TH
Hamilton Cardinals batting - Pitching for Columbus Reds : RHP Ernie Maldonado
Batting: RHB McGwire Jones 0-0: Foul Ball, location: 2F
0-1: Ball
1-1: Ball
2-1: SINGLE (Popup, 34D, EV 45.6 MPH)
Batting: RHB Julio Sandoval 0-0: Called Strike
0-1: Foul Ball, location: 2F
0-2: Ball
1-2: Ball
2-2: Ball
3-2: Foul Ball, location: 2F
3-2: Fielders Choice at 2nd, 2-6 (Groundball, 2R, EV 65.0 MPH)
Batting: RHB Tim Williams 0-0: Foul Ball, location: 2F
0-1: Ball
1-1: Ball
2-1: Ball
3-1: Foul Ball, location: 2F
3-2: Foul Ball, location: 2F
3-2: Foul Ball, location: 2F
3-2: Base on Balls
Julio Sandoval to second
Batting: SHB J.T. Ready 0-0: Ball
1-0: SINGLE (Groundball, 34, EV 96.9 MPH)
Julio Sandoval to third
Tim Williams to second
Runner from 3rd tries for Home, throw by RF and OUT! 9-2
Batting: RHB Pablo Nunez 0-0: Ball
1-0: Called Strike
1-1: Foul Ball, location: 2F
1-2: Ball
Wild Pitch!
Tim Williams to third
J.T. Ready to second
2-2: Foul Ball, location: 2F
2-2: Ball
3-2: Foul Ball, location: 2F
3-2: Ground out 5-3 (Groundball, 56, EV 86.9 MPH)
Top of the 6th over - 0 runs, 2 hits, 0 errors, 2 left on base; Hamilton 9 - Columbus 2
BOTTOM OF THE 6TH
Columbus Reds batting - Pitching for Hamilton Cardinals : LHP J.T. Ready
Batting: RHB Alex Juarez 0-0: Hit by Pitch
Batting: RHB Aaron Barraza 0-0: Called Strike
0-1: Ball
1-1: Foul Ball, location: 2F
1-2: Foul Ball, location: 2F
1-2: Strikes out looking
Batting: RHB Alex Villagomez 0-0: Called Strike
0-1: Fly out, F7 (Flyball, 78D, EV 85.6 MPH)
Batting: RHB Alex de Leon 0-0: Ball
1-0: Swinging Strike
1-1: Called Strike
1-2: Foul Ball, location: 2F
1-2: Strikes out swinging
Bottom of the 6th over - 0 runs, 0 hits, 0 errors, 1 left on base; Hamilton 9 - Columbus 2
TOP OF THE 7TH
Hamilton Cardinals batting - Pitching for Columbus Reds : RHP Ernie Maldonado
Batting: RHB Chris Rouleau 0-0: Called Strike
0-1: Foul Ball, location: 2F
0-2: Strikes out looking
Batting: LHB Billy Lang 0-0: Ball
1-0: Called Strike
1-1: Ball
2-1: Foul Ball, location: 2F
2-2: Ball
3-2: SINGLE (Groundball, 56D, EV 101.9 MPH) (infield hit)
Batting: SHB Steve Langlois 0-0: Ball
1-0: Ball
2-0: Ball
3-0: Called Strike
3-1: 2-RUN HOME RUN (Flyball, 9D, EV 99.4 MPH), Distance : 401 ft
Pitching: RHP Ch'ang-chieh Hsia
Batting: SHB Justin Houser 0-0: Foul Ball, location: 2F
0-1: SINGLE (Flyball, 8LS, EV 86.9 MPH)
Batting: RHB McGwire Jones 0-0: Foul Ball, location: 2F
0-1: Called Strike
0-2: Ball
1-2: Foul Ball, location: 2F
1-2: Ball
Wild Pitch!
Justin Houser to second
2-2: DOUBLE (Line Drive, 78XD, EV 101.9 MPH)
Justin Houser scores
Batting: RHB Julio Sandoval 0-0: SINGLE (Groundball, 56D, EV 99.4 MPH)
McGwire Jones to third
Runner from 3rd tries for Home, SAFE, throw by LF to home
Pinch Hitting: RHB Chris Stec 0-0: 2-RUN HOME RUN (Flyball, 7D, EV 97.5 MPH), Distance : 394 ft
Batting: SHB J.T. Ready 0-0: Fly out, F9 (Flyball, 89M, EV 89.4 MPH)
Pitching: RHP Jay Harrison
Batting: RHB Pablo Nunez 0-0: Called Strike
0-1: Ball
1-1: Swinging Strike
1-2: Foul Ball, location: 2F
1-2: Strikes out swinging
Top of the 7th over - 6 runs, 6 hits, 0 errors, 0 left on base; Hamilton 15 - Columbus 2
BOTTOM OF THE 7TH
Columbus Reds batting - Pitching for Hamilton Cardinals : LHP J.T. Ready
Now at 1B: Chris Stec
Batting: LHB Tim Kirk 0-0: Ground out 4-3 (Groundball, 4, EV 105.0 MPH)
Batting: SHB Cesar Pelayo 0-0: Ball
1-0: Called Strike
1-1: Foul Ball, location: 2F
1-2: Ball
2-2: Ball
3-2: Base on Balls
Pitching: RHP Mark Rivera
Batting: LHB Mike Becerra 0-0: Called Strike
0-1: Called Strike
0-2: Ball
1-2: Ball
2-2: Strikes out looking
Batting: RHB Ben Burkholder 0-0: Ball
1-0: Fly out, F7 (Flyball, 7S, EV 91.9 MPH)
Bottom of the 7th over - 0 runs, 0 hits, 0 errors, 1 left on base; Hamilton 15 - Columbus 2
TOP OF THE 8TH
Hamilton Cardinals batting - Pitching for Columbus Reds : RHP Jay Harrison
Batting: RHB Chris Rouleau 0-0: Foul Ball, location: 2F
0-1: Ball
1-1: Ball
2-1: Fly out, F7 (Flyball, 7D, EV 100.0 MPH)
Batting: LHB Billy Lang 0-0: Called Strike
0-1: Fly out, F8 (Flyball, 8LS, EV 88.1 MPH)
Batting: SHB Steve Langlois 0-0: Swinging Strike
0-1: Ground out 6-3 (Groundball, 6M, EV 81.9 MPH)
Top of the 8th over - 0 runs, 0 hits, 0 errors, 0 left on base; Hamilton 15 - Columbus 2
BOTTOM OF THE 8TH
Columbus Reds batting - Pitching for Hamilton Cardinals : RHP Mark Rivera
Batting: LHB Jamie Spangenberg 0-0: SINGLE (Groundball, 4MD, EV 95.6 MPH)
Batting: RHB Alex Juarez 0-0: Fly out, F8 (Flyball, 78S, EV 70.6 MPH)
Batting: RHB Aaron Barraza 0-0: Fly out, F9 (Flyball, 9LS, EV 88.1 MPH)
Batting: RHB Alex Villagomez 0-0: Called Strike
0-1: Ball
1-1: Ball
2-1: Fielders Choice at 2nd, 5-4 (Groundball, 5, EV 81.9 MPH)
Bottom of the 8th over - 0 runs, 1 hit, 0 errors, 1 left on base; Hamilton 15 - Columbus 2
TOP OF THE 9TH
Hamilton Cardinals batting - Pitching for Columbus Reds : RHP Jay Harrison
Batting: SHB Justin Houser 0-0: Ball
1-0: Swinging Strike
1-1: Ball
2-1: Called Strike
2-2: Foul Ball, location: 2F
2-2: Foul Ball, location: 2F
2-2: Ball
3-2: Fly out, F7 (Flyball, 78M, EV 81.2 MPH)
Batting: RHB McGwire Jones 0-0: Ball
1-0: Ball
2-0: SINGLE (Groundball, 56D, EV 98.8 MPH)
Pinch Hitting: RHB Steve Hansen 0-0: Ball
1-0: Ball
2-0: Ball
Wild Pitch!
McGwire Jones to second
3-0: Base on Balls
Batting: RHB Chris Stec 0-0: Ball
1-0: 3-RUN HOME RUN (Flyball, 7LD, EV 95.6 MPH), Distance : 346 ft
Batting: SHB J.T. Ready 0-0: Ball
1-0: Called Strike
1-1: Ball
2-1: SINGLE (Groundball, 4D, EV 96.9 MPH)
Pitching: RHP Ed Santibanez
Batting: RHB Pablo Nunez 0-0: Fly out, F8 (Flyball, 8RM, EV 88.8 MPH)
Batting: RHB Chris Rouleau 0-0: Swinging Strike
0-1: Fielders Choice at 2nd, U4 (Groundball, 4M, EV 86.9 MPH)
Top of the 9th over - 3 runs, 3 hits, 0 errors, 1 left on base; Hamilton 18 - Columbus 2
BOTTOM OF THE 9TH
Columbus Reds batting - Pitching for Hamilton Cardinals : RHP Mark Rivera
Now at C: Steve Hansen
Batting: RHB Alex de Leon 0-0: Ball
1-0: SINGLE (Flyball, 9S, EV 90.6 MPH)
Batting: LHB Tim Kirk 0-0: Ball
1-0: Ball
2-0: Ball
3-0: Called Strike
3-1: Swinging Strike
3-2: Foul Ball, location: 2F
3-2: Foul Ball, location: 2F
3-2: Base on Balls
Alex de Leon to second
Batting: SHB Cesar Pelayo 0-0: Called Strike
0-1: Ball
1-1: Ball
2-1: Foul Ball, location: 2F
2-2: Strikes out swinging
Pinch Hitting: LHB Jose Cruz 0-0: Swinging Strike
0-1: Ball
1-1: Foul Ball, location: 2F
1-2: Strikes out looking
Batting: RHB Ben Burkholder 0-0: Ball
1-0: Called Strike
1-1: Ball
2-1: Ball
3-1: Called Strike
3-2: Base on Balls
Alex de Leon to third
Tim Kirk to second
Batting: LHB Jamie Spangenberg 0-0: Foul Ball, location: 2F
0-1: Ball
1-1: Ball
2-1: Called Strike
2-2: Foul Ball, location: 2F
2-2: Fly out, F9 (Line Drive, 9, EV 91.9 MPH)
Bottom of the 9th over - 0 runs, 1 hit, 0 errors, 3 left on base; Hamilton 18 - Columbus 2
Tuesday, September 13th , 2022 - OOTP Baseball 23.7 Build 88